 Dungeon Crawl Stone Soup version 0.30.0-29-ga12c61a403 (webtiles) character file.

Game seed: 15708390513032883309

34027 Tirrikindir the Basher (level 13, -7/87 HPs)
             Began as a Gargoyle Berserker on June 18, 2023.
             Was a High Priest of Trog.
             Mangled by a lindwurm (8 damage)
             ... summoned by Kirke
             ... on level 4 of the Lair of Beasts.
             The game lasted 00:39:44 (13422 turns).

Tirrikindir the Basher (Gargoyle Berserker)        Turns: 13422, Time: 00:39:44

Health: -7/87      AC:  0    Str: 27    XL:     13   Next: 74%
Magic:  10/10      EV: 15    Int:  8    God:    Trog [*****.]
Gold:   1485       SH:  0    Dex: 10    Spells: 12/12 levels left

rFire   . . .        h - melded +9 eveningstar (drain)
rCold   . . .        J - melded +3 buckler of Apnibydda {rN+ Str+2 Dex+2}
rNeg    + . .        v - melded +0 plate armour
rPois   ∞            E - melded +0 helmet {SInv}
rElec   .            (cloak currently unavailable)
rCorr   .            F - melded +0 pair of gloves
SInv    .            (boots currently unavailable)
Will    ++...        w - amulet of faith
Stlth   +            y - melded +6 ring of strength
HPRegen 1.34/turn    q - melded +5 ring of evasion
MPRegen 0.12/turn

%: faith
@: about to teleport, pig-form, strong-willed, on berserk cooldown,
regenerating, slowed, studying Shields
A: fast, no casting, sickness immunity, AC +9, small, negative energy resistance
1, (electricity resistance), torment resistance 1, petrification resistance, low
MP 2, strong 1, MP-powered wands
a: Renounce Religion, Berserk, Trog's Hand, Brothers in Arms


You were on level 4 of the Lair of Beasts.
You worshipped Trog.
Trog was extremely pleased with you.
You were a filthy swine.
You visited 3 branches of the dungeon, and saw 17 of its levels.
You also visited: Sewer and Bailey.

You collected 1485 gold pieces.

Inventory:

Hand Weapons
 h - a +9 eveningstar of draining (melded)
Missiles
 x - 18 poisoned darts (quivered)
Armour
 v - a +0 plate armour (melded)
 E - a +0 helmet of see invisible (melded)
 F - a +0 pair of gloves (melded)
 J - the +3 buckler of Apnibydda (melded) {rN+ Str+2 Dex+2}
   (You acquired it on level 3 of the Dungeon)

   Str:       It affects your strength (+2).
   Dex:       It affects your dexterity (+2).
   rN:        It protects you from negative energy.
Jewellery
 l - a ring of ice
 n - a ring of resist corrosion
 q - a +5 ring of evasion (melded)
 w - an amulet of faith (around neck)
 y - a +6 ring of strength (melded)
 I - a ring of protection from fire
Wands
 a - a wand of iceblast (13)
 u - a wand of acid (14)
 P - a wand of flame (16)
Scrolls
 b - a scroll of immolation
 c - 6 scrolls of fear
 f - a scroll of enchant armour
 o - 2 scrolls of fog
 C - 4 scrolls of teleportation
 M - a scroll of magic mapping
 N - a scroll of poison {unknown}
 O - a scroll of blinking {unknown}
Potions
 d - 4 potions of flight
 e - 6 potions of curing
 g - 6 potions of invisibility
 j - 5 potions of haste
 r - 6 potions of might
 A - 2 potions of resistance {unknown}
 K - 2 potions of magic {unknown}
Miscellaneous
 L - a condenser vane


   Skills:
 * Level 12.9 Fighting
 * Level 14.6 Maces & Flails
 - Level 2.0 Throwing
 * Level 12.6 Armour
 - Level 4.0 Dodging
 * Level 8.8 Shields
 - Level 4.0 Evocations


You had 12 spell levels left.
You didn't know any spells.
Your spell library was empty.

Dungeon Overview and Level Annotations

Branches:
Dungeon (12/15)            Temple (1/1) D:6            Lair (4/5) D:10
  Swamp (0/4) Lair:2        Snake (0/4) Lair:2          Orc (0/2) D:10
  Sewer (visited)          Bailey (visited)
  Slime: Lair:4-5

Altars:
Ashenzari
Cheibriados
Dithmenos
Elyvilon
Fedhas
Gozag
Hepliaklqana
Kikubaaqudgha
Makhleb
Nemelex Xobeh
Okawaru
Qazlal
Ru
Sif Muna
Trog
Uskayaw
Vehumet
Wu Jian
Xom
Yredelemnul
Zin
The Shining One

Shops:
D:5 (

Annotations:
Lair:2 2 transporters, bronco's ghost, journeyman TrAr
Lair:4 Kirke


Innate Abilities, Weirdness & Mutations

You are a filthy swine.
You move quickly.
Your equipment is almost entirely melded.
You are incapable of wielding weapons or throwing items.
You cannot cast spells.
You are immune to sickness and miasma.
((Your stone body is resilient. (AC +9)))
You are immune to poison.
You resist negative energy. (rN+)
((You are resistant to electric shocks. (rElec)))
You are resistant to unholy torment.
You are immune to petrification.
Your magical capacity is very low. (-20% MP)
Your muscles are strong. (Str +4, Int/Dex -1)
You expend magic power (3 MP) to strengthen your wands.


Message History

You completely miss something. The hog bites you. The hog closely misses you.
Something hits you!
* * * LOW HITPOINT WARNING * * *
You maul something!!
The hog bites you!
* * * LOW HITPOINT WARNING * * *
The hog barely misses you. The hog bites you!
* * * LOW HITPOINT WARNING * * *
You feel a strong urge to attack something.
You are no longer berserk.
You are exhausted.
You feel as though you will be slow longer.
The hog barely misses you.
Your skin crawls.
You feel strong-willed. The hog misses you. The hog bites you.
* * * LOW HITPOINT WARNING * * *
The hog barely misses you. The hog bites you!
* * * LOW HITPOINT WARNING * * *
You feel much better. The hog bites you!
* * * LOW HITPOINT WARNING * * *
The hog bites you.
* * * LOW HITPOINT WARNING * * *
The hog closely misses you. The hog completely misses you.
As you read the scroll of fear, it crumbles to dust.
You assume a fearsome visage.
The hog looks frightened! x4
Something hits you!
* * * LOW HITPOINT WARNING * * *
You feel better.
You hear some strange, mumbled words.
Something summons a lindwurm!
Something hits you.
* * * LOW HITPOINT WARNING * * *
As you read the scroll of teleportation, it crumbles to dust.
You feel strangely unstable.
You hear some strange, mumbled words.
Something tries to affect you, but you resist.
Something hits you!
* * * LOW HITPOINT WARNING * * *
The lindwurm attacks as you move away! The lindwurm bites you!
You die...

#....####..##....## .
#....##P#.##..h...#
......#h.'##......#####.
...........†.............
..........................
......................
......................
............k.........
.....##.##..h.........
....# #######......... ...
#....##..# #..#.# ##
#..#... #.......
#..###.#.# #... .. # #...
..


You could see a lindwurm (summoned) and 2 hogs.

Vanquished Creatures
  Snorg (Lair:3)
  3 hydras (Lair:2)
  A catoblepas (Lair:1)
  3 two-headed ogres
  4 boulder beetles
  5 death yaks
  2 tengu warriors (D:12)
  A skyshark (Lair:3)
  Sonja (Lair:1)
  Nergalle (Lair:1)
  3 skeletal warriors (D:12)
  2 orc knights (Bailey)
  2 cyclopes
  A manticore (D:12)
  4 black mambas
  2 gargoyles (D:12)
  5 elephants (Lair:3)
  4 komodo dragons
  An unseen horror (D:10)
  6 trolls
  3 polar bears (Lair:3)
  A tyrant leech (Lair:2)
  4 blink frogs (Lair:3)
  5 yaks (D:10)
  A shadow (D:11)
  2 vampires
  A wyvern (Lair:3)
  A hog (Lair:4)
  A basilisk (Lair:2)
  The ghost of LCPRIV the Trooper, an amateur HuFi (D:3)
  A steam dragon (D:10)
  A vampire mosquito (D:7)
  3 nagas (Lair:2)
  2 swamp worms (Lair:2)
  3 acid dragons
  13 water moccasins
  2 sky beasts
  Duvessa (D:6)
  9 orc warriors
  2 ice beasts
  3 black bears
  6 ogres
  4 wolves (Lair:2)
  4 centaurs
  2 phantoms
  2 kobold brigands
  9 bullfrogs
  Blork the orc (D:6)
  A gnoll sergeant (D:12)
  2 scorpions
  4 wights (D:7)
  A wyvern skeleton (D:3)
  A water moccasin skeleton (D:3)
  Dowan (D:6)
  3 howler monkeys
  A bullfrog zombie (D:3)
  An iron imp (D:6)
  3 jellies
  7 hounds
  2 gnoll boudas
  A bullfrog skeleton (D:3)
  8 orc priests
  A sleepcap (D:7)
  6 hell rats (Lair:1)
  4 iguanas
  10 orc wizards
  14 gnolls
  10 adders
  4 river rats (Sewer)
  A shadow imp (D:7)
  A white imp (D:6)
  3 worms (D:6)
  A dart slug (D:1)
  50 orcs
  4 bats
  5 endoplasms
  4 hobgoblins
  7 jackals
  20 kobolds
  3 quokkas
  17 ball pythons
  4 frilled lizards
  11 goblins
  31 rats
387 creatures vanquished.

Vanquished Creatures (others)
  An orc wizard (D:7)
1 creature vanquished.

Grand Total: 388 creatures vanquished

Notes
Turn   | Place    | Note
-------+----------+-------------------------------------------
     0 | D:1      | Tirrikindir the Gargoyle Berserker began the quest for the
                  | Orb.
     0 | D:1      | Reached XP level 1. HP: 14/14 MP: 1/1
   117 | D:1      | Reached XP level 2. HP: 19/19 MP: 2/2
   442 | D:1      | Reached XP level 3. HP: 23/23 MP: 3/3
   696 | D:1      | Reached ** piety under Trog
   972 | D:2      | Reached XP level 4. HP: 29/29 MP: 4/4
  1013 | D:2      | Found a radiant altar of Vehumet.
  1182 | D:3      | Found a transporter.
  1184 | D:3      | Noticed LCPRIV's ghost (amateur HuFi)
  1191 | D:3      | Noticed a phantom
  1202 | D:3      | Reached skill level 4 in Maces & Flails
  1219 | D:3      | Identified a scroll of acquirement
  1219 | D:3      | Acquired a +2 eveningstar of draining
  1324 | D:3      | Found a broken altar of Ashenzari.
  1330 | D:3      | Found a transporter.
  1706 | D:3      | Noticed a scorpion
  1711 | D:3      | Killed a scorpion
  1712 | D:3      | Reached XP level 5. HP: 29/33 MP: 5/5
  1738 | D:3      | Found a faded altar of an unknown god.
  2011 | D:4      | Noticed a black bear
  2016 | D:4      | Killed a black bear
  2017 | D:4      | Reached skill level 5 in Maces & Flails
  2017 | D:4      | Reached XP level 6. HP: 39/39 MP: 6/6
  2233 | D:4      | Reached XP level 7. HP: 39/44 MP: 7/7
  2239 | D:4      | Reached *** piety under Trog
  2248 | D:4      | Found a sparkling altar of Nemelex Xobeh.
  2527 | D:4      | Found a basalt altar of Yredelemnul.
  2527 | D:4      | Found a glowing golden altar of the Shining One.
  2531 | D:4      | Noticed a profane servitor
  2541 | D:4      | Noticed an angel
  2710 | D:5      | Entered Level 5 of the Dungeon
  2717 | D:5      | Reached skill level 5 in Fighting
  2737 | D:5      | Reached skill level 6 in Maces & Flails
  2895 | D:5      | Reached XP level 8. HP: 39/49 MP: 8/8
  2940 | D:5      | Reached skill level 7 in Maces & Flails
  3017 | D:5      | Found Ahuron's Antique Weapon Shop.
  3139 | D:5      | You fall into a shaft and drop 3 floors!
  3186 | D:7      | Noticed a two-headed ogre
  3204 | D:7      | Killed a two-headed ogre
  3205 | D:7      | Reached skill level 9 in Maces & Flails
  3205 | D:7      | Reached XP level 9. HP: 13/54 MP: 9/9
  3377 | D:7      | Noticed a centaur warrior
  3377 | D:7      | Noticed a cyclops
  3387 | D:7      | Reached skill level 10 in Maces & Flails
  3406 | D:7      | Killed a cyclops
  3407 | D:7      | Reached skill level 1 in Throwing
  3407 | D:7      | Reached skill level 1 in Evocations
  3424 | D:7      | Reached skill level 5 in Armour
  3965 | D:7      | Reached XP level 10. HP: 44/61 MP: 10/10
  4092 | D:6      | Noticed Dowan
  4092 | D:6      | Noticed Duvessa
  4102 | D:6      | Killed Duvessa
  4105 | D:6      | Killed Dowan
  4118 | D:6      | Found a snail-covered altar of Cheibriados.
  4145 | D:6      | Found a glowing drain.
  4169 | Sewer    | Entered a sewer
  4188 | Sewer    | Reached **** piety under Trog
  4566 | D:6      | Found a staircase to the Ecumenical Temple.
  4577 | Temple   | Entered the Ecumenical Temple
  5151 | D:6      | Reached skill level 11 in Maces & Flails
  5236 | D:6      | Noticed Blork the orc
  5246 | D:6      | Killed Blork the orc
  6323 | D:8      | Reached ***** piety under Trog
  6483 | D:8      | Noticed a two-headed ogre
  6491 | D:8      | Killed a two-headed ogre
  6893 | D:9      | Found a flagged portal.
  6907 | Bailey   | Entered a bailey
  7238 | Bailey   | Found the +5 Lochaber axe {reach-cleave, Poleaxe Drain}
  7238 | Bailey   | Noticed an orc knight
  7238 | Bailey   | Noticed an orc knight
  7255 | Bailey   | Killed an orc knight
  7256 | Bailey   | Reached XP level 11. HP: 37/69 MP: 11/11
  7258 | Bailey   | Killed an orc knight
  7472 | D:9      | Noticed a two-headed ogre
  7487 | D:9      | Killed a two-headed ogre
  7488 | D:9      | Reached skill level 12 in Maces & Flails
  7578 | D:9      | Found a hide-covered altar of Uskayaw.
  7578 | D:9      | Found a white marble altar of Elyvilon.
  7580 | D:9      | Found a shadowy altar of Dithmenos.
  7580 | D:9      | Found a shimmering altar of Xom.
  7853 | D:10     | Entered Level 10 of the Dungeon
  7876 | D:10     | Identified the +7 demon blade of Dissolution {flame, Dex+2
                  | Stlth+} (Trog gifted it to you on level 10 of the Dungeon)
  7876 | D:10     | Received a gift from Trog
  7999 | D:10     | Found a staircase to the Orcish Mines.
  8291 | D:10     | Found a staircase to the Lair.
  8328 | D:10     | Acquired a +0 helmet of see invisible
  8696 | D:11     | Noticed a boulder beetle
  8710 | D:11     | Killed a boulder beetle
  8721 | D:11     | Noticed a boulder beetle
  8740 | D:11     | Killed a boulder beetle
  8741 | D:11     | Reached skill level 10 in Fighting
  8973 | D:11     | Noticed a boulder beetle
  8983 | D:11     | Killed a boulder beetle
  9357 | D:12     | Noticed a manticore
  9365 | D:12     | Killed a manticore
  9372 | D:12     | Noticed a cyclops
  9374 | D:12     | Reached XP level 12. HP: 63/78 MP: 12/12
  9381 | D:12     | Reached skill level 10 in Armour
  9425 | D:12     | Identified the +1 spear of the Briny Deep {elec, Fragile
                  | Str+2 SInv Stlth+}
  9425 | D:12     | Noticed a tengu warrior
  9429 | D:12     | Noticed a tengu warrior
  9451 | D:12     | Reached skill level 13 in Maces & Flails
  9459 | D:12     | Killed a tengu warrior
  9495 | D:12     | Killed a tengu warrior
  9664 | D:12     | Noticed a boulder beetle
  9674 | D:12     | Killed a boulder beetle
 10384 | D:3      | Killed LCPRIV's ghost
 10409 | D:3      | Acquired the +3 buckler of Apnibydda {rN+ Str+2 Dex+2}
 10533 | Lair:1   | Entered Level 1 of the Lair of Beasts
 10568 | Lair:1   | Noticed Nergalle
 10573 | Lair:1   | Killed Nergalle
 10574 | Lair:1   | Reached skill level 1 in Shields
 10752 | Lair:1   | Noticed a catoblepas
 10760 | Lair:1   | Killed a catoblepas
 11209 | Lair:1   | Noticed Sonja
 11217 | Lair:1   | Killed Sonja
 11485 | Lair:2   | Noticed a cyan very ugly thing
 11489 | Lair:2   | Found a transporter.
 11494 | Lair:2   | Found a transporter.
 11498 | Lair:2   | Noticed bronco's ghost (journeyman TrAr)
 11783 | Lair:2   | Noticed a rakshasa
 11784 | Lair:2   | Noticed a rakshasa
 11831 | Lair:2   | Found a staircase to the Snake Pit.
 11907 | Lair:2   | Identified the +6 falchion of Puqorist {heavy, Int+2}
 11914 | Lair:2   | Noticed a five-headed hydra
 11920 | Lair:2   | Killed a five-headed hydra
 11921 | Lair:2   | Reached skill level 5 in Shields
 11921 | Lair:2   | Reached XP level 13. HP: 86/86 MP: 13/13
 11929 | Lair:2   | Reached skill level 14 in Maces & Flails
 11988 | Lair:2   | Found a staircase to the Swamp.
 12388 | Lair:3   | Noticed Snorg
 12502 | Lair:3   | Killed Snorg
 12526 | Lair:3   | Gained mutation: Your magical capacity is low. (-10% MP)
                  | [potion of mutation]
 12526 | Lair:3   | Gained mutation: Your magical capacity is very low. (-20%
                  | MP) [potion of mutation]
 12526 | Lair:3   | Gained mutation: Your muscles are strong. (Str +4, Int/Dex
                  | -1) [potion of mutation]
 12526 | Lair:3   | Gained mutation: You expend magic power (3 MP) to
                  | strengthen your wands. [potion of mutation]
 12884 | Lair:3   | Found a shimmering altar of Xom.
 12901 | Lair:3   | Received a gift from Trog
 13398 | Lair:4   | Noticed Kirke
 13419 | Lair:4   | HP: 1/87 [something (13)]
 13422 | Lair:4   | Mangled by a lindwurm

Illustrated notes

Levels and vault maps discovered:
D:1:      matt_arrival_spirals, layout_basic, minmay_pentomino_v2
D:2:      layout_basic, basic_altar
D:3:      layout_basic, mainiacjoe_overflow_concentric_impassable,
          gammafunk_ghost_mausoleum, ebering_ecumenical_altar_petrified,
          supply_closet_lemuel
D:4:      layout_loops_ring, grunt_temple_overflow_holy_war,
          amcnicky_altar_gilded
D:5:      layout_loops_ring, serial_shops, shop, serial_bayou_ford_a
D:6:      layout_rooms, slow_altar_2, temple_statues,
          cheibrodos_sewer_entry_bend, uniq_blork_the_orc, uniq_duvessa
D:7:      minmay_klotski, layout_loops_corners
D:8:      layout_gridville, lemuel_flamethrower_2
D:9:      layout_rooms, mainiacjoe_overflow_alcove_3, enter_bailey_2
D:10:     layout_cave_pools, lair_entry_dummy, erik_orc_3
D:11:     layout_roguey
D:12:     layout_rooms, minmay_mirror_moons_of_madness
Temple:   nicolae_temple_god_jail
Lair:1:   layout_small_grid, uniq_nergalle, uniq_sonja
Lair:2:   layout_regular_city, palyth_hydra_swamp_entry,
          nicolae_snake_entry_squirm, gammafunk_ghost_abyssal_escape
Lair:3:   layout_roguey, basic_altar, grunt_megastairs_2, serial_bayou_shore_b,
          lemuel_fruit_tree, uniq_snorg
Lair:4:   layout_regular_city, slime_entry_1, serial_bayou_shore_b, uniq_kirke

Skill      XL: |  1  2  3  4  5  6  7  8  9 10 11 12 13 |
---------------+----------------------------------------+-----
Dodging        | 2 3 4 |  4.0
Maces & Flails | 4 5 6 9 10 11 12 13 14 | 14.6
Armour         | 3 4 5 7 9 11 12 | 12.6
Fighting       | 4 5 6 8 10 12 | 12.9
Throwing       | 2 |  2.0
Evocations     | 2 3 4 |  4.0
Shields        | 5 8 |  8.8

Action                     |  1- 3 |  4- 6 |  7- 9 | 10-12 | 13-15 || total
---------------------------+-------+-------+-------+-------+-------++-------
  Melee: Mace              |   105 |    22 |       |       |       ||   127
         Punch             |     2 |     1 |       |     4 |       ||     7
         Eveningstar       |       |    24 |    98 |   391 |   129 ||   642
         Dire flail        |       |       |    48 |   262 |       ||   310
         Unarmed           |       |       |       |       |    10 ||    10
  Throw: Boomerang         |       |       |     1 |     7 |       ||     8
         Dart              |       |       |       |     7 |     4 ||    11
 Invoke: Berserk           |     1 |     1 |     3 |    15 |     3 ||    23
         Trog's Hand       |       |       |     2 |     2 |     2 ||     6
  Evoke: Wand              |       |       |     3 |     6 |       ||     9
    Use: Scroll            |     4 |     3 |     5 |    19 |     4 ||    35
         Potion            |     1 |     1 |     4 |       |     3 ||     9
 Armour: Animal skin       |    20 |       |       |       |       ||    20
         Scale mail        |    43 |    21 |    66 |       |       ||   130
         Chain mail        |       |       |       |   222 |       ||   222
         Plate armour      |       |       |       |   225 |    81 ||   306
  Dodge: Dodged            |    89 |    28 |    80 |   434 |    94 ||   725
  Block: Buckler           |       |       |       |    40 |    55 ||    95
